 Dungeon Crawl Stone Soup version 0.20-a0-647-gf178af5 (webtiles) character file.

46 Musica the Sneak (level 3, -2/16 HPs)
             Began as a Spriggan Enchanter on Feb 15, 2017.
             Slain by a worm (8 damage)
             ... on level 2 of the Dungeon.
             The game lasted 00:03:54 (1109 turns).

Musica the Sneak (Spriggan Enchanter)               Turns: 1109, Time: 00:03:54

Health: -2/16      AC:  2    Str:  4    XL:     3   Next: 46%
Magic:  1/8        EV: 18    Int: 17    God:
Gold:   47         SH:  0    Dex: 16    Spells: 2/8 levels left

rFire    . . .     SeeInvis +   a - +1 dagger
rCold    . . .     Gourm    .   b - +0 robe
rNeg     . . .     Faith    .   (shield restricted)
rPois    .         Spirit   .   (helmet restricted)
rElec    .         Reflect  .   (no cloak)
rCorr    .         Harm     .   (gloves unavailable)
MR       .....                  (boots unavailable)
Stlth    +++.......             (no amulet)
Regen    0.1/turn               (no ring)
MPRegen  0.2/turn               (no ring)

@: very quick
A: unfitting armour, see invisible, herbivore 3, speed 3, slow metabolism 2
a: no special abilities


You were on level 2 of the Dungeon.
You were not hungry.

You visited 1 branch of the dungeon, and saw 3 of its levels.

You collected 47 gold pieces.

Inventory:

Hand Weapons
 a - a +1 dagger (weapon)
Armour
 b - a +0 robe (worn)
Scrolls
 f - a scroll of identify {unknown}
 j - a scroll of magic mapping {unknown}
 m - a scroll of noise {unknown}
 n - 3 scrolls of remove curse {unknown}
Potions
 e - a potion of might {unknown}
 g - a potion of brilliance {unknown}
 h - a potion of curing {unknown}
 k - 2 potions of lignification {unknown}
 l - a potion of mutation {unknown}
Books
 c - a book of Maledictions

   Spells                             Type                      Level
   a - Corona                         Hexes                        1
   b - Ensorcelled Hibernation        Hexes/Ice                    2
   c - Confuse                        Hexes                        3
   d - Tukima's Dance                 Hexes                        3
   e - Dazzling Spray                 Conjuration/Hexes            3
Comestibles
 d - a bread ration
 i - a royal jelly


   Skills:
 + Level 1.4 Short Blades
 - Level 3.0 Dodging
 + Level 5.5 Stealth
 + Level 3.2 Spellcasting
 + Level 4.3 Hexes


You had 2 spell levels left.
You knew the following spells:

 Your Spells              Type           Power        Failure   Level  Hunger
a - Corona                Hex            ###....      2%          1    None
b - Ensorcelled Hibernat  Hex/Ice        ##....       14%         2    ##.....
c - Tukima's Dance        Hex            ###.....     10%         3    ###....


Dungeon Overview and Level Annotations

Branches:
Dungeon (3/15)

Altars:
Okawaru

Annotations:
D:3 ZlagarX's ghost, amateur MfIE


Innate Abilities, Weirdness & Mutations

You are very small and have problems with some larger weapons.
You are too small for most types of armour.
You have supernaturally acute eyesight. (SInv)
You are a herbivore.
You cover ground extremely quickly.
You need consume almost no food.


Message History

The worm bites you!
You hit the worm but do no damage.
The worm is heavily wounded.
You hit the worm.
The worm is heavily wounded.
The worm closely misses you.
Casting: Corona
Confirm with . or Enter, or press ? or * to list all spells.
You don't have enough magic to cast that spell.
Casting: Corona
Confirm with . or Enter, or press ? or * to list all spells.
Aiming: Corona
Press: ? - help, Shift-Dir - straight line, f/p - worm
Aim: a worm (heavily wounded, softly glowing, chance to defeat MR: 63%)
The worm glows brighter.
You barely miss the worm.
The worm is heavily wounded.
The worm bites you!
Ouch! That really hurt!
You die...

###.## #.#...
##...## ###.#.#
#.....## #.....#
......÷#######.....#
.<.................#
.........#####$....#
......##.##......).#
#....###....#.#.w###
#.#### #.#..._..@#
#.# #.##.#.#..#
#.######.##......#
#.##.....#####...#
.................#
.#.#.#############
###.....# .#.#.##.#
#.##†##.#


You could see a worm.

Vanquished Creatures
  A gnoll (D:1)
  An adder (D:2)
  2 leopard geckos (D:1)
  4 goblins
  4 hobgoblins (D:1)
  2 jackals (D:1)
  3 kobolds
  3 bats
  5 rats (D:1)
25 creatures vanquished.

Notes
Turn   | Place    | Note
-------+----------+-------------------------------------------
     0 | D:1      | Musica the Spriggan Enchanter began the quest for the Orb.
     0 | D:1      | Reached XP level 1. HP: 9/9 MP: 5/5
   101 | D:1      | Reached XP level 2. HP: 12/13 MP: 3/6
   105 | D:1      | Learned a level 2 spell: Ensorcelled Hibernation
   289 | D:1      | Reached skill level 5 in Stealth
   636 | D:1      | Reached XP level 3. HP: 15/16 MP: 4/8
   641 | D:1      | Learned a level 3 spell: Tukima's Dance
   994 | D:3      | Noticed ZlagarX's ghost (amateur MfIE)
  1076 | D:2      | Found an iron altar of Okawaru.
  1109 | D:2      | Slain by a worm

Vault maps used:
D:1:      erik_arrival_cave_to_civilisation
D:2:      overflow_temple_1_default, okawaru_metal_pillars_1_2, first_bread,
          grunt_decor_resistance
D:3:      chequers_ecumenical_altar_simple_redux,
          minmay_randomly_rotated_circles

Skill      XL: |  1  2 |
---------------+-------+-----
Hexes          | 4 |  4.3
Stealth        | 5 |  5.5
Spellcasting   | 3 |  3.2
Short Blades   | |  1.4
Dodging        | |  3.0

Action                   || total
-------------------------++-------
Melee: Dagger            ||    75
 Cast: Corona            ||     5
       Ensorcelled Hiber ||    13
 Stab: Sleeping          ||    17
Armor: Robe              ||     6
Dodge: Dodged            ||    58
